AoeStats
← SHUN

Yucatan

510565500Analyzed
2v2 RM · 1d ago on Oct 1, 2026· 73m 0s· 4 players
Game mode
Random Map
Map size
Medium (4 player)
Population
200
Speed
Normal
Resources
Standard
Victory
Conquest
Starting age
Dark Age
Ending age
Imperial Age
RankedLock teamsTeams togetherTeam positionsShared explorationLock speedFull tech treeHidden civsTurbo modeCheats
Victory
Defeat
🇳🇱 Mongols · Netherlands
1054
+13
🇮🇹 Ethiopians · Italy
906
+19
🇧🇴 Mongols · Bolivia
998
-17
🇧🇴 Britons · Bolivia
955
-15
SHUN
3:18 Loom
10:48 Feudal Age
11:28 Double-Bit Axe
11:25 Horse Collar
19:25 Castle Age
22:55 Heavy Plow
23:10 Bow Saw
25:41 Padded Archer Armor
28:46 Gold Mining
31:44 Leather Archer Armor
33:45 Thumb Ring
33:35 Fletching
34:41 Wheelbarrow
35:59 Bodkin Arrow
37:06 Hand Cart
39:32 Gold Shaft Mining
41:21 Nomads
41:48 Ballistics
44:07 Imperial Age
41:47 Scale Barding Armor
41:54 Forging
42:25 Husbandry
51:10 Onager
52:26 Capped Ram
52:29 Siege Onager
53:39 Siege Ram
55:57 Heavy Scorpion
60:17 Drill
OscarNassir
6:00 Loom
11:09 Feudal Age
15:22 Castle Age
18:48 Fletching
18:58 Padded Archer Armor
20:41 Double-Bit Axe
27:31 Wheelbarrow
27:10 Horse Collar
29:09 Leather Archer Armor
33:27 Imperial Age
31:21 Squires
31:41 Scale Mail Armor
31:52 Forging
31:29 Pikeman
32:52 Gold Mining
32:52 Stone Mining
33:57 Bow Saw
33:49 Heavy Plow
34:09 Town Watch
35:11 Gold Shaft Mining
35:27 Yeomen
35:41 Hand Cart
36:01 Bodkin Arrow
36:36 Ring Archer Armor
37:21 Elite Longbowman
38:25 Conscription
38:21 Bracer
39:29 Town Patrol
39:54 Cavalier
40:34 Husbandry
41:38 Scale Barding Armor
41:48 Chain Mail Armor
42:10 Iron Casting
41:32 Halberdier
44:26 Plate Mail Armor
45:28 Ballistics
48:55 Warwolf
MatteoTi1
7:19 Loom
10:15 Feudal Age
10:57 Double-Bit Axe
10:55 Horse Collar
15:23 Wheelbarrow
17:32 Fletching
17:43 Padded Archer Armor
20:55 Castle Age
19:35 Gold Mining
29:29 Imperial Age
28:15 Heavy Plow
31:56 Bow Saw
32:01 Forging
31:51 Scale Mail Armor
31:56 Scale Barding Armor
35:27 Two-Man Saw
35:18 Conscription
37:36 Gold Shaft Mining
37:47 Ballistics
38:14 Onager
40:09 Iron Casting
39:49 Chain Mail Armor
39:39 Scale Barding Armor
40:49 Chain Mail Armor
40:40 Scale Barding Armor
40:31 Bodkin Arrow
40:52 Leather Archer Armor
40:39 Heavy Camel Rider
41:22 Squires
41:08 Arson
44:28 Blast Furnace
43:58 Plate Mail Armor
43:48 Chain Barding Armor
45:48 Royal Heirs
54:28 Chain Barding Armor
58:58 Hand Cart
zsole19
7:12 Loom
10:21 Feudal Age
11:04 Double-Bit Axe
13:15 Bloodlines
13:55 Wheelbarrow
15:23 Forging
15:07 Horse Collar
15:56 Scale Barding Armor
15:54 Horse Collar
22:07 Castle Age
21:16 Gold Mining
21:44 Loom
23:16 Bow Saw
23:12 Husbandry
23:32 Heavy Plow
23:29 Pikeman
26:58 Hand Cart
27:20 Scale Mail Armor
27:11 Fishing Lines
30:03 Padded Archer Armor
33:14 Gold Shaft Mining
32:31 Stone Mining
33:12 Fletching
35:29 Stone Shaft Mining
38:37 Imperial Age
35:55 Town Watch
36:56 Husbandry
36:53 Bodkin Arrow
37:17 Masonry
36:59 Elite Skirmisher
37:58 Leather Archer Armor
38:36 Iron Casting
38:17 Chain Mail Armor
38:18 Thumb Ring
39:00 Squires
39:22 Chain Barding Armor
39:26 Ballistics
40:13 Conscription
39:15 Capped Ram
40:58 Chemistry
40:25 Drill
40:32 Bracer
41:32 Blast Furnace
41:28 Plate Mail Armor
40:21 Siege Ram
40:34 Light Cavalry
41:37 Elite Mangudai
42:50 Hussar
44:24 Onager
45:52 Siege Onager
55:19 Town Patrol
62:24 Nomads
Connection lost

Rejoining the realm…

Still unreachable

The connection could not be restored.

Session expired

The server has moved on; the page needs a fresh start.